cohdb
Replays
Latest Replays
All Replays
Popular Replays
Top Player Replays
Match Explorer
How It Works
Community
CoH3 Stats
Reddit
Sign in to upload your games and track your stats! →
Sign in with Steam
Match 41085046
Unlisted
Match 41085046
Overview
Messages
Build Orders
End
Panzerpioneer Squad
250 Light Carrier
Panzerpioneer Squad
Panzerpioneer Squad
Panzerpioneer Squad
Panzerpioneer Squad
Construct Light Support Kompanie
MG34 Team
Panzerjäger Mechanized Group
Fire Support Elements
Construct Panzerarmee Kommand
Veteran Squad Leaders
Flak 36 Anti-tank Gun Team
MG34 Team
Armored Reserves
Selects Armored Support Battlegroup
Selects Superior Fire Drills
Selects Flammpanzer III Medium Tank
Emergency Repair Kits
Selects Command Panzer IV F Medium Tank
Rapid Advance
MG34 Team
Selects Salvage Kits
Tiger Heavy Tank
Vehicle Survival Package
Command Panzer IV F Medium Tank
Selects Panzer Storm
Selects Stuka Dive Bomb
Walking Stuka Rocket Launcher
Stuka Dive Bomb
Akkerman
Wolfe
0
0
Comments
sign in to comment!
No comments posted yet!